[Event "*** Biggest EVER Titled Tuesday"]
[Site "Chess.com"]
[Date "2018.04.17"]
[Round "5"]
[White "severomorskij"]
[Black "Salem-AR"]
[Result "1-0"]
[WhiteElo "2683"]
[BlackElo "2690"]
[TimeControl "180+2"]
[EndTime "14:13:15 PDT"]
[Termination "severomorskij won by resignation"]

1. d4 Nf6 2. c4 g6 3. Nc3 Bg7 4.
e4 d6 5. Bd3 O-O 6. Nge2 Nc6 7.
O-O Nh5 8. Bc2 e5 9. d5 Nb4 10. Bb1 a5 11. Be3 Bd7 12. a3 Na6 13. Bc2 Qe8 14. b3 f5 15. exf5 gxf5 16. f3 Qe7 17.
Qd2 Rae8 18. Rae1 Qd8 19. Nb5 b6 20. b4 axb4 21. axb4 Qh4 22. Ra1 Ra8 23. Bb3 Kh8 24. Bg5 Bh6 25. Bxh6 Rg8 26. f4 Qh3 27. Bg5 Qxb3 28.
Ng3 Rxg5 29. fxg5 Nxg3 30. hxg3 Qxc4 31. Nc3 Rg8 32. Na2 Qg4 33. Rfc1 Qxg3 34. Rc3 Qg4 35. Ra3 Bb5 36. Nc3 Qxb4 37. Rxa6 Bxa6 38. Rxa6 Qg4 39.
Ra7 Qc4 40. Kh2 b5 41. Rb7 b4 42. Nd1 b3 43. Nf2 Qc2 44. Qxc2 bxc2 45. Rxc7 Rxg5 46. Rxc2 Kg7 47. Rc7+ Kf6 48. Rd7 e4 49. Rxd6+ Ke5 50. Rd8 Rg6 51. Nh3 Rh6 52. Kg3 Rg6+ 53. Kf2 Ra6 54. g3 Ra2+ 55. Kg1 Ra3 56. Kg2 Ra2+ 57. Kf1 Ra1+ 58. Ke2 Ra2+ 59. Ke3 Ra3+ 60. Kf2 Ra2+ 61. Kg1 Ra3 62. Kg2 Ra2+ 63. Kf1 Ra1+ 64. Ke2 Ra2+ 65.
Kd1 Ra3 66. Rg8 Kxd5 67. Ke2 Ra2+ 68. Ke3 Ra3+ 69. Kf2 Ra2+ 70. Kf1 Kd4 71. Rb8 Ra1+ 72. Kg2 Ra2+ 73. Kg1 Ra3 74. Kg2 Ra2+ 75. Kg1 Ra3 76. Kf2 Ra2+ 77. Kf1 Ra3 78. Nf4 Ke3 79. Kg2 Ra2+ 80.
Kh3 Kf3 81. Rb3+ e3 82. Nd5 Re2 83. Rb4 Rd2 84. Rf4+ Ke2 85. Rxf5 Rd3 86. Nf4+ Kd2 87. Nxd3 Kxd3 88. Kg2 Kd2 89. Rd5+ Ke1 90. Re5 Ke2 91. g4 h6 92. Re6 Kd2 93. Kf3 1-0

[Event "*** Biggest EVER Titled Tuesday"]
[Site "Chess.com"]
[Date "2018.04.17"]
[Round "5"]
[White "oskariot"]
[Black "Fighterman91"]
[Result "0-1"]
[WhiteElo "2395"]
[BlackElo "2594"]
[TimeControl "180+2"]
[EndTime "14:14:19 PDT"]
[Termination "Fighterman91 won by resignation"]

1. d4 Nf6 2. Nf3 g6 3. g3 Bg7 4.
Bg2 O-O 5. O-O d5 6. c4 dxc4 7. Na3 c3 8. bxc3 c5 9. e3 Nc6 10. Qa4 Nd5 11. Bb2 Nb6 12. Qb5 Bd7 13. Qe2 Na4 14.
Rfd1 Qa5 15. Rac1 Nxb2 16. Qxb2 Rab8 17. dxc5 Bg4 18. h3 Bxf3 19. Bxf3 Qxc5 20. Rd5 Qb6 21.
Qxb6 axb6 22. Nb5 Ra8 23. Rd2 Ra5 24. Nd4 Rc8 25. Rb1 Ra6 26. Rdb2 Rc7 27. Rxb6 Ne5 28. Rxb7 Nxf3+ 29. Nxf3 Rxb7 30. Rxb7 Bf6 31. g4 h6 32.
h4 g5 33. hxg5 hxg5 34. Rb5 Rxa2 35. Nxg5 Bxc3 36. Ne4 Be5 37. Rxe5 e6 38. g5 Kg7 39. Kg2 Ra6 40. Kg3 Ra1 41. Rb5 Rg1+ 42. Kf4 Rb1 43. f3 Rxb5 44. Nf6 Rf5+ 45. Kg4 Ra5 46. Nh5+ Kg6 47.
Nf4+ Kg7 48. Nh5+ Kf8 49. e4 Ke7 50. Kf4 Ra1 51. Nf6 Rg1 52. Nh5 Kd6 53. Nf6 Rh1 54. Ng4 Ke7 55. Ke5 Rg1 56. Kf4 Kf8 57. Ne5 Kg7 58.
Ng4 Ra1 59. Ne5 Ra5 60. Ng4 Ra8 61. Ne5 Rg8 62. Ng4 Kf8 63. Nf6 Rh8 64. Ng4 Ke7 65.
Ne5 Rh4+ 66. Kg3 Rh5 67. Kf4 Rh1 68. Ng4 Kd6 69. Ne5 Rh7 70. Ng4 Ke7 71. Nf6 Rh1 72. Ng4 Ra1 73. Ne5 Ke8 74. Ng4 Kf8 75. Ne5 Ra5 76. Ng4 Kg8 77. Ne5 Kg7 78. Ng4 Rb5 79. Ne5 f6 80. gxf6+ Kxf6 81. Ng4+ Ke7 82. Ne5 Kd6 83.
Ng4 Rb8 84. Ke3 e5 85. Nh6 Kc5 86. Nf5 Kc4 87. Nd6+ Kc5 88. Nf5 Rb7 89. Kf2 Rb8 90.
Ke3 Ra8 91. Kf2 Kc4 92. Kg3 Kd3 93. Ne7 Ra7 94. Nc6 Rg7+ 95. Kh4 Ke3 96. Nxe5 Kf4 97.
Nc4 0-1

[Event "*** Biggest EVER Titled Tuesday"]
[Site "Chess.com"]
[Date "2018.04.17"]
[Round "6"]
[White "biostatistician"]
[Black "MrRooke6"]
[Result "1-0"]
[WhiteElo "2441"]
[BlackElo "2400"]
[TimeControl "180+2"]
[EndTime "14:15:57 PDT"]
[Termination "biostatistician won by resignation"]

1. d4 Nf6 2. Nf3 g6 3. c4 Bg7 4. Nc3 O-O 5. e4 d6 6. Be2 Na6 7. Bg5 Qe8 8. O-O e5 9. Bxf6 Bxf6 10. c5 exd4 11. Nd5 dxc5 12. Bxa6 bxa6 13. Nxf6+ 1-0

[Event "*** Biggest EVER Titled Tuesday"]
[Site "Chess.com"]
[Date "2018.04.17"]
[Round "6"]
[White "oskariot"]
[Black "Arystanner23"]
[Result "0-1"]
[WhiteElo "2388"]
[BlackElo "2491"]
[TimeControl "180+2"]
[EndTime "14:18:31 PDT"]
[Termination "Arystanner23 won by resignation"]

1. h4 e6 2. Nh3 d5 3. h5 c5 4. d3 h6 5. e3 Nf6 6. Be2 Nc6 7. g4 Bd6 8. Nd2 b6 9. Nf1 Bb7 10. f4 Nd7 11. Nf2 Qe7 12. Rg1 e5 13. f5 O-O-O 14. c3 Kb8 15. e4 d4 16. c4 g6 17. Nh2 gxh5 18. gxh5 Rdg8 19. Nhg4 Nf6 20. Bf3 Nxh5 21.
Bd2 Nf4 22. Bxf4 exf4 23. Qe2 h5 24. f6 Qd7 25. e5 hxg4 26. Nxg4 Nxe5 0-1

[Event "*** Biggest EVER Titled Tuesday"]
[Site "Chess.com"]
[Date "2018.04.17"]
[Round "6"]
[White "savinspm"]
[Black "nochewycandy"]
[Result "0-1"]
[WhiteElo "2016"]
[BlackElo "2077"]
[TimeControl "180+2"]
[EndTime "14:19:00 PDT"]
[Termination "nochewycandy won by resignation"]

1. e4 g6 2. d4 Bg7 3. c4 d6 4. Nc3 Nf6 5. Bd3 O-O 6. f3 c5 7.
d5 e6 8. Nge2 exd5 9. exd5 Na6 10. a3 Nc7 11. O-O Rb8 12. Bg5 h6 13. Bh4 a6 14.
Qc2 b5 15. b3 g5 16. Bg3 Nh5 17. Rae1 f5 18. Bf2 b4 19. axb4 Rxb4 20. g4 fxg4 21.
fxg4 Bxg4 22. Bh7+ Kh8 23. Bd3 Bh3 24. Bg3 Rxf1+ 25.
Rxf1 Bxf1 26. Kxf1 Nxg3+ 27. Nxg3 Qf6+ 28. Kg2 Qxc3 29. Qxc3 Bxc3 30. Bc2 Be5 31. Nf5 h5 32. Ne7 Rb8 33.
Nc6 Rf8 34. Bg6 h4 35. Bc2 g4 36. Ne7 h3+ 37. Kg1 Bxh2+ 38. Kxh2 Rf2+ 39. Kg3 Rxc2 40. Kxg4 h2 0-1

[Event "*** Biggest EVER Titled Tuesday"]
[Site "Chess.com"]
[Date "2018.04.17"]
[Round "6"]
[White "Safar_From_Afar"]
[Black "kikoveiga"]
[Result "1-0"]
[WhiteElo "2273"]
[BlackElo "2173"]
[TimeControl "180+2"]
[EndTime "14:19:20 PDT"]
[Termination "Safar_From_Afar won by resignation"]

1. e4 c5 2. Nf3 Nc6 3. d4 cxd4 4.
Nxd4 g6 5. c4 Bg7 6. Be3 Nf6 7.
Nc3 O-O 8. f3 Nxd4 9. Bxd4 d6 10. Be2 Bd7 11. O-O a5 12. a3 a4 13. c5 dxc5 14. Bxc5 Bc6 15. Qe1 Re8 16. Rc1 Qa5 17. Bb4 Qh5 18. f4 Qh6 19. e5 Nd7 20. Rd1 g5 21. Bg4 e6 22. Bf3 Nb6 23. fxg5 Qxg5 24. Bxc6 bxc6 25. Ne4 Qxe5 26. Bc3 Qh5 27. Rf3 Bxc3 28.
Qxc3 Nd5 29. Rxd5 1-0

[Event "*** Biggest EVER Titled Tuesday"]
[Site "Chess.com"]
[Date "2018.04.17"]
[Round "6"]
[White "Mikhail_Golubev"]
[Black "NTBT_DHS"]
[Result "0-1"]
[WhiteElo "2405"]
[BlackElo "2512"]
[TimeControl "180+2"]
[EndTime "14:19:39 PDT"]
[Termination "NTBT_DHS won by resignation"]

1. e4 g6 2. d4 Bg7 3. c4 d6 4. Nc3 Nf6 5. Nf3 O-O 6. Be2 e5 7. O-O Nc6 8. d5 Ne7 9. Ne1 Nd7 10. f3 f5 11. Be3 f4 12. Bf2 g5 13. Rc1 Ng6 14. c5 b6 15. cxd6 cxd6 16. Nb5 Nf6 17. Nc7 Rb8 18. Ne6 Bxe6 19. dxe6 Qe7 20. Nc2 a5 21. Na3 g4 22. Nb5 g3 23. hxg3 fxg3 24. Bxg3 Nh5 25. Bh2 Bh6 26. Qxd6 Be3+ 27. Kh1 Qh4 28.
Qxe5 Nxe5 29. g4 Bf4 0-1

[Event "*** Biggest EVER Titled Tuesday"]
[Site "Chess.com"]
[Date "2018.04.17"]
[Round "6"]
[White "Daniela_Movileanu"]
[Black "AlexZambrano"]
[Result "0-1"]
[WhiteElo "2373"]
[BlackElo "2357"]
[TimeControl "180+2"]
[EndTime "14:19:44 PDT"]
[Termination "AlexZambrano won by resignation"]

1. e4 e6 2. d3 d5 3. Nd2 Nf6 4. e5 Nfd7 5. Ngf3 c5 6. g3 Nc6 7. Qe2 Qc7 8. Bg2 Ncxe5 9. Nxe5 Qxe5 10. Qxe5 Nxe5 11. O-O Be7 12. Re1 Nc6 13. f4 O-O 14. Nf3 Bf6 15. c3 b6 16. Rb1 Ba6 17. Rd1 Bb7 18.
Bd2 Rac8 19. b4 cxb4 20. cxb4 Nd4 21. Be3 Ne2+ 22. Kf2 Nc3 23. Ne5 Nxb1 24. Rxb1 Rc2+ 25. Kf1 Bxe5 26. fxe5 Rfc8 27. a4 Ra2 28. a5 Rcc2 29. Bf3 Ba6 30. b5 Bb7 31. axb6 axb6 32. Bxb6 Rab2 33. Ra1 Rxb5 34. Be3 h6 35. h4 d4 36. Bxb7 dxe3 37. Bg2 Rf2+ 38. Kg1 Rbb2 39. Be4 g6 40. h5 g5 0-1

[Event "*** Biggest EVER Titled Tuesday"]
[Site "Chess.com"]
[Date "2018.04.17"]
[Round "6"]
[White "Vusatiuk_Vladimir"]
[Black "Marcin"]
[Result "0-1"]
[WhiteElo "2204"]
[BlackElo "2293"]
[TimeControl "180+2"]
[EndTime "14:19:46 PDT"]
[Termination "Marcin won by resignation"]

1. e4 c5 2. Nc3 Nc6 3. f4 g6 4.
Nf3 Bg7 5. Bb5 d6 6. Bxc6+ bxc6 7. d3 Bg4 8. O-O Nf6 9. Qe1 O-O 10. Qh4 Bxf3 11.
Rxf3 Rb8 12. f5 c4 13. Bh6 cxd3 14. Bxg7 Kxg7 15. cxd3 Qb6+ 16. Rf2 Qd4 17. Qg3 Rxb2 18. Rc1 Rfb8 19. fxg6 hxg6 20. Nd1 Rxf2 21. Nxf2 Rb2 22. a3 c5 23. Rf1 c4 24. Kh1 c3 25. Nd1 Rb1 26.
Ne3 Rxf1+ 27. Nxf1 c2 28. Qe1 Qxd3 29. Ne3 Nxe4 30. h4 Ng3+ 31. Kh2 Qxe3 0-1

[Event "*** Biggest EVER Titled Tuesday"]
[Site "Chess.com"]
[Date "2018.04.17"]
[Round "6"]
[White "FastChance"]
[Black "NIGWAPO"]
[Result "1-0"]
[WhiteElo "2683"]
[BlackElo "2502"]
[TimeControl "180+2"]
[EndTime "14:20:03 PDT"]
[Termination "FastChance won by resignation"]

1. e4 c5 2. Nf3 d6 3. d4 cxd4 4.
Nxd4 Nf6 5. f3 Nc6 6. c4 Qb6 7. Nc2 g6 8. Nc3 Bg7 9. Rb1 O-O 10. Be3 Qc7 11. Be2 Be6 12. O-O Rac8 13. Rc1 Rfd8 14. Nd4 Nxd4 15. Bxd4 Qb8 16. Qd2 Bxc4 17. Bxc4 Rxc4 18.
Nd5 Rxc1 19. Rxc1 Nxd5 20. Bxg7 Kxg7 21. Qxd5 Rc8 22. Qd4+ f6 23. Rc4 b6 24. Qd5 Rc5 25.
Rxc5 bxc5 26. b3 Qb4 27. Kf1 Qd4 28. Qxd4 cxd4 29. b4 Kf7 30. a4 e5 31. b5 Ke6 32. a5 Kd7 33. Ke2 f5 34. exf5 gxf5 35. g4 fxg4 36. fxg4 e4 37. h4 d3+ 38. Ke3 d5 39. g5 d4+ 40. Kd2 Kd6 41. h5 Kc5 42. g6 Kc4 43. g7 e3+ 44. Kd1 Kc3 45. g8=Q e2+ 46. Ke1 1-0

[Event "*** Biggest EVER Titled Tuesday"]
[Site "Chess.com"]
[Date "2018.04.17"]
[Round "6"]
[White "SloLev"]
[Black "saraswathii"]
[Result "1-0"]
[WhiteElo "2379"]
[BlackElo "2266"]
[TimeControl "180+2"]
[EndTime "14:20:03 PDT"]
[Termination "SloLev won by resignation"]

1. e4 c5 2. c3 e6 3. d4 cxd4 4. cxd4 Nf6 5. Nc3 d5 6. e5 Nfd7 7. Bd3 Nc6 8. Nf3 Be7 9. O-O O-O 10. Bf4 f6 11. exf6 Bxf6 12. Bd6 Be7 13. Bg3 Bf6 14. Re1 Re8 15. Nb5 e5 16. dxe5 Ndxe5 17. Nxe5 Bxe5 18. f4 Bf6 19. Bxh7+ Kf8 20. Rxe8+ Kxe8 21. Qh5+ Kf8 22. Re1 Bd7 23. Bg6 1-0

[Event "*** Biggest EVER Titled Tuesday"]
[Site "Chess.com"]
[Date "2018.04.17"]
[Round "6"]
[White "JosefineHeinemann"]
[Black "jcibarra"]
[Result "0-1"]
[WhiteElo "2376"]
[BlackElo "2595"]
[TimeControl "180+2"]
[EndTime "14:20:36 PDT"]
[Termination "jcibarra won by resignation"]

1. e4 c5 2. Nf3 e6 3. a3 b6 4. b4 cxb4 5. axb4 Bxb4 6. c3 Be7 7. d4 Bb7 8. Bd3 Nf6 9. Nbd2 d6 10. O-O Nbd7 11. Re1 O-O 12. Ba3 Rc8 13. Qb3 Qc7 14.
c4 e5 15. dxe5 Nxe5 16. Nxe5 dxe5 17. Bxe7 Qxe7 18. Rxa7 Qc7 19. c5 Rfd8 20. cxb6 Qc6 21. Ba6 Rxd2 22. Rxb7 Rf8 23. Rxf7 Rxf7 24. Bc4 Rd7 25. Ra1 g6 26. h3 Kg7 27. Bxf7 Rxf7 28. Ra7 Rb7 29. Qb2 Nd7 30. f4 Rxa7 31. fxe5 Qxb6+ 32. Qxb6 0-1

[Event "*** Biggest EVER Titled Tuesday"]
[Site "Chess.com"]
[Date "2018.04.17"]
[Round "6"]
[White "ENEASZ"]
[Black "SCIM"]
[Result "1-0"]
[WhiteElo "2469"]
[BlackElo "2358"]
[TimeControl "180+2"]
[EndTime "14:20:40 PDT"]
[Termination "ENEASZ won by resignation"]

1. e4 e5 2. Nf3 Nc6 3. Bc4 Bc5 4. c3 Nf6 5. d4 exd4 6. O-O d5 7. exd5 Nxd5 8. Qb3 Be6 9. Qxb7 Nde7 10. Bxe6 fxe6 11. cxd4 Bb6 12. Nc3 O-O 13. Qa6 Rxf3 14. gxf3 Nxd4 15.
Qd3 Qf8 16. Qe4 Nxf3+ 17. Kg2 Ng6 18. Be3 Qf6 19. Qxa8+ Kf7 20. Qe4 Ngh4+ 21. Kh1 Qe7 22. Qf4+ Kg8 23. Rad1 g5 24. Qe4 c5 25. Rg1 h6 26.
Rg3 Qf6 27. Rd7 1-0

[Event "*** Biggest EVER Titled Tuesday"]
[Site "Chess.com"]
[Date "2018.04.17"]
[Round "6"]
[White "GadimbayliA"]
[Black "mukhin1"]
[Result "0-1"]
[WhiteElo "2423"]
[BlackElo "2908"]
[TimeControl "180+2"]
[EndTime "14:20:43 PDT"]
[Termination "mukhin1 won by resignation"]

1. e4 c6 2. Nf3 d5 3. exd5 cxd5 4. Ne5 a6 5. d4 Nf6 6. c3 g6 7. Bd3 Bg7 8. Nd2 O-O 9. h4 Nfd7 10. Ndf3 Nxe5 11.
Nxe5 Nc6 12. Qe2 Nxe5 13. dxe5 d4 14. Bf4 dxc3 15. bxc3 Be6 16. h5 Qc7 17. O-O Rad8 18. Rad1 Rd5 19. Be4 Rc5 20. Rfe1 Rc8 21. hxg6 hxg6 22.
Rb1 b5 23. Bd2 Bxe5 24. Qf3 Bxc3 25. Bxg6 Bxd2 26. Rxe6 Qf4 27. Qh3 Rc1+ 28. Rxc1 Rxc1+ 0-1

[Event "*** Biggest EVER Titled Tuesday"]
[Site "Chess.com"]
[Date "2018.04.17"]
[Round "6"]
[White "Tesla37"]
[Black "Bigfish1995"]
[Result "1-0"]
[WhiteElo "2619"]
[BlackElo "2757"]
[TimeControl "180+2"]
[EndTime "14:20:43 PDT"]
[Termination "Tesla37 won by resignation"]

1. e4 c5 2. Nf3 d6 3. Nc3 a6 4. d4 cxd4 5. Nxd4 Nf6 6. g3 e5 7. Nde2 b5 8. Bg2 b4 9. Nd5 Nxd5 10. Qxd5 Ra7 11. Be3 Be6 12. Qd2 Rb7 13. f4 Be7 14. b3 O-O 15. O-O Qc7 16. f5 Bd7 17. c4 Qd8 18. Rad1 Bc6 19. g4 h6 20. Ng3 Nd7 21. Nh5 Kh7 22. Nxg7 Kxg7 23. Bxh6+ Kh8 24. Rf3 Rg8 25.
Rh3 Rxg4 26. Bg7+ 1-0

[Event "*** Biggest EVER Titled Tuesday"]
[Site "Chess.com"]
[Date "2018.04.17"]
[Round "6"]
[White "calemcc"]
[Black "ChessicallyInclined"]
[Result "1-0"]
[WhiteElo "2245"]
[BlackElo "2146"]
[TimeControl "180+2"]
[EndTime "14:20:47 PDT"]
[Termination "calemcc won by resignation"]

1. d4 d5 2. c4 e6 3. Nc3 Nf6 4.
Nf3 Be7 5. Bg5 O-O 6. e3 Nbd7 7. Qc2 h6 8. Bh4 c5 9. cxd5 Nxd5 10. Nxd5 Bxh4 11.
Nxh4 Qxh4 12. Nc7 Rb8 13. d5 Qb4+ 14. Qd2 Qb6 15. dxe6 Qxc7 16. exd7 Bxd7 17. Bc4 Rfd8 18. Qe2 Qa5+ 19. Kf1 b5 20. Bd5 Be8 21. e4 c4 22. g3 Qc7 23. Kg2 Qc5 24. Rhd1 a5 25. Qh5 b4 26. Bxf7+ Bxf7 27. Qxc5 Rxd1 28. Rxd1 a4 29.
Qa7 Rc8 30. Qxa4 c3 31. bxc3 bxc3 32. Rc1 Bg6 33. Qb3+ Kh8 34. Rxc3 Bxe4+ 35. f3 1-0

[Event "*** Biggest EVER Titled Tuesday"]
[Site "Chess.com"]
[Date "2018.04.17"]
[Round "6"]
[White "Sam_ChessMood"]
[Black "Parhamov"]
[Result "0-1"]
[WhiteElo "2632"]
[BlackElo "2778"]
[TimeControl "180+2"]
[EndTime "14:20:51 PDT"]
[Termination "Parhamov won by resignation"]

1. e4 g6 2. d4 Bg7 3. Nc3 d6 4.
f4 a6 5. Nf3 b5 6. Bd3 Nd7 7.
a4 b4 8. Ne2 a5 9. O-O e6 10. f5 exf5 11. exf5 Ngf6 12. Nf4 O-O 13. fxg6 hxg6 14. Ng5 Bb7 15. c3 c5 16. Qe1 cxd4 17.
Qh4 Ne5 18. cxd4 Qb6 19. Be3 Neg4 20. Ne2 Rfe8 21. h3 Qc6 22. d5 Qxd5 23. Nf4 Qe5 24. hxg4 Qxe3+ 25. Kh1 Re5 26. Rae1 Qd2 27. Rxe5 dxe5 28.
Bc4 exf4 29. Bxf7+ Kf8 30. Rf2 Qe1+ 31. Kh2 Qxf2 0-1

[Event "*** Biggest EVER Titled Tuesday"]
[Site "Chess.com"]
[Date "2018.04.17"]
[Round "6"]
[White "StellarChessPro"]
[Black "Noukii"]
[Result "0-1"]
[WhiteElo "2379"]
[BlackElo "2632"]
[TimeControl "180+2"]
[EndTime "14:20:51 PDT"]
[Termination "Noukii won by resignation"]

1. d4 d5 2. Nf3 Nf6 3. e3 c6 4. c4 a6 5. Bd3 Bg4 6. O-O e6 7. Nbd2 Nbd7 8. b3 Bb4 9. Bb2 Bxd2 10. Qxd2 Bxf3 11. gxf3 Qe7 12. a4 e5 13. Kh1 Qe6 14. Rg1 O-O 15. Rg5 e4 16. fxe4 Nxe4 17. Bxe4 Qxe4+ 18. Rg2 f5 19. Rf1 f4 20. exf4 Rxf4 21. Bc1 Raf8 22. Qd1 Rxf2 23. Rxf2 Rxf2 24. Qg1 Re2 0-1

[Event "*** Biggest EVER Titled Tuesday"]
[Site "Chess.com"]
[Date "2018.04.17"]
[Round "6"]
[White "jk13"]
[Black "lachesisQ"]
[Result "0-1"]
[WhiteElo "2531"]
[BlackElo "2933"]
[TimeControl "180+2"]
[EndTime "14:20:55 PDT"]
[Termination "lachesisQ won by checkmate"]

1. e4 c5 2. c3 d6 3. d4 Nf6 4.
Bd3 g6 5. Nf3 Bg7 6. dxc5 dxc5 7. Qe2 O-O 8. h3 Nc6 9. O-O Qc7 10. a4 b6 11. Na3 Bb7 12. Re1 Rad8 13. Nc4 Nh5 14. e5 f5 15. Na3 Na5 16. Ng5 Qc6 17.
Nf3 Kh8 18. Bg5 Qe8 19. Rad1 h6 20. Bb5 Nc6 21. Bc1 Rxd1 22. Rxd1 g5 23. e6 a6 24.
Bxa6 Bxa6 25. Qxa6 g4 26. Nh4 gxh3 27. Qxb6 Bf6 28.
Nxf5 Ne5 29. g3 Qa8 30. Ne3 Ng4 31. Nd5 Bd4 32. Rxd4 h2+ 33. Kh1 Nxg3+ 34. fxg3 Rf1+ 35.
Kg2 h1=Q# 0-1

[Event "*** Biggest EVER Titled Tuesday"]
[Site "Chess.com"]
[Date "2018.04.17"]
[Round "6"]
[White "talento10"]
[Black "Superfelix"]
[Result "0-1"]
[WhiteElo "2327"]
[BlackElo "2351"]
[TimeControl "180+2"]
[EndTime "14:20:58 PDT"]
[Termination "Superfelix won on time"]

1. e4 c5 2. Nf3 d6 3. d4 Nf6 4. Nc3 cxd4 5. Nxd4 a6 6. Be3 Nbd7 7. f3 h5 8. Qd2 g6 9. g3 Bg7 10. O-O-O Qc7 11.
Kb1 b5 12. a3 Bb7 13. h4 Ne5 14. Qf2 Rc8 15. Bh3 e6 16. Ndxb5 axb5 17. Nxb5 Qc6 18. Nxd6+ Ke7 19. Nxc8+ Rxc8 20. c3 Nc4 21. Bd4 Qb5 22.
Ka2 Na5 23. Qc2 Qc4+ 24. b3 Qb5 25. Rhe1 Ba6 26. Bf1 Qb7 27. Bxa6 Qxa6 28. Be5 Nc6 29. Bd6+ Ke8 30. Qd3 Qb7 31. c4 Nd7 32. c5 Ra8 0-1

[Event "*** Biggest EVER Titled Tuesday"]
[Site "Chess.com"]
[Date "2018.04.17"]
[Round "6"]
[White "JosephRyan"]
[Black "Too_Stupid_To_Play"]
[Result "0-1"]
[WhiteElo "2085"]
[BlackElo "2217"]
[TimeControl "180+2"]
[EndTime "14:21:00 PDT"]
[Termination "Too_Stupid_To_Play won by resignation"]

1. e4 b6 2. d4 Bb7 3. Bd3 Nf6 4. Qe2 Nc6 5. Nf3 Nb4 6. Bc4 Nxe4 7. Nc3 Nxc3 8. bxc3 Nd5 9. O-O e6 10. Bd2 Be7 11.
Bb3 O-O 12. c4 Nf6 13. Rfe1 d5 14. cxd5 Bxd5 15. c4 Bxf3 16. Qxf3 Qxd4 17. Bc3 Qg4 18. Qxg4 Nxg4 19. h3 Nf6 20. c5 Bxc5 21. Bxf6 gxf6 22. Red1 Rfd8 23. Rxd8+ Rxd8 24. Rd1 Bd6 25. Kf1 Kf8 26.
f4 Ke7 27. g3 Rg8 28. Kf2 h5 29. h4 c5 30. Bc4 e5 31. f5 e4 32. Rg1 Be5 33.
Bd5 Bd4+ 0-1

[Event "*** Biggest EVER Titled Tuesday"]
[Site "Chess.com"]
[Date "2018.04.17"]
[Round "6"]
[White "Rish_97"]
[Black "Th3ChessViking"]
[Result "0-1"]
[WhiteElo "2277"]
[BlackElo "2390"]
[TimeControl "180+2"]
[EndTime "14:21:01 PDT"]
[Termination "Th3ChessViking won by resignation"]

1. c4 c5 2. Nc3 g6 3. g3 Bg7 4. Bg2 Nc6 5. e3 d6 6. Nge2 h5 7. h3 Nh6 8. d4 cxd4 9. exd4 Nf5 10. d5 Ne5 11. b3 O-O 12. Bb2 a6 13. O-O b5 14. cxb5 axb5 15. f4 Qb6+ 16. Kh2 Ne3 17.
Qd2 Nxf1+ 18. Rxf1 Nd7 19. a3 Nf6 20. Nd4 Qxd4 21.
Qxd4 Ng4+ 22. hxg4 Bxd4 23. gxh5 gxh5 24. Ra1 b4 25.
axb4 Rxa1 26. Bxa1 Bf5 0-1

[Event "*** Biggest EVER Titled Tuesday"]
[Site "Chess.com"]
[Date "2018.04.17"]
[Round "6"]
[White "toad"]
[Black "Eliwood44"]
[Result "1-0"]
[WhiteElo "2201"]
[BlackElo "2128"]
[TimeControl "180+2"]
[EndTime "14:21:04 PDT"]
[Termination "toad won by resignation"]

1. d4 Nf6 2. c4 e6 3. g3 d5 4. Nf3 Be7 5. Bg2 O-O 6. O-O dxc4 7.
Qc2 a6 8. a4 Bd7 9. Qxc4 Bc6 10.
Bf4 Nbd7 11. Nc3 Nb6 12. Qd3 Nbd5 13. Be5 Nb4 14. Qd1 Nfd5 15. e3 f6 16. e4 Nxc3 17.
bxc3 fxe5 18. cxb4 Bxe4 19. Re1 Bxf3 20. Bxf3 Qxd4 21.
Qxd4 exd4 22. Bxb7 Rab8 23. Bxa6 Bxb4 24. Rxe6 d3 25.
Bxd3 Rbd8 26. Bc4 Kh8 27. a5 Rd2 28. a6 Bc5 29. a7 Rdxf2 30. Kh1 Ra8 31. Bd5 Rff8 32.
Bxa8 Rxa8 33. Rae1 1-0

[Event "*** Biggest EVER Titled Tuesday"]
[Site "Chess.com"]
[Date "2018.04.17"]
[Round "6"]
[White "bascheyaro"]
[Black "GMMatamoros"]
[Result "0-1"]
[WhiteElo "2659"]
[BlackElo "2514"]
[TimeControl "180+2"]
[EndTime "14:21:09 PDT"]
[Termination "GMMatamoros won by resignation"]

1. d4 e6 2. Nf3 c5 3. Bf4 cxd4 4. Nxd4 e5 5. e3 exf4 6. exf4 Nc6 7. Nf3 d5 8. c3 Bc5 9. Bd3 Nf6 10. O-O O-O 11. Nbd2 Qd6 12. g3 Bh3 13. Re1 Ng4 14. Re2 Rae8 15.
Ng5 Rxe2 16. Qxe2 Nxf2 17. Bxh7+ Kh8 18. Bc2 Bg4 19. Ndf3 Nh3+ 20. Kf1 Nxg5 21. fxg5 Qd7 22. Kg2 Re8 23. Qd3 g6 24. Ng1 d4 25. Bb3 Bf5 26.
Qd2 d3 27. Rf1 Bh3+ 28. Nxh3 Re2+ 29. Rf2 Bxf2 30. Qd1 Bb6+ 31. Kf3 Qxh3 32. Qxd3 Re3+ 33. Qxe3 Bxe3 34. Be6 Qxe6 35. h4 0-1

[Event "*** Biggest EVER Titled Tuesday"]
[Site "Chess.com"]
[Date "2018.04.17"]
[Round "6"]
[White "Journey_to_GrandMaster_YT"]
[Black "MateusViageiro"]
[Result "1-0"]
[WhiteElo "2378"]
[BlackElo "2216"]
[TimeControl "180+2"]
[EndTime "14:21:16 PDT"]
[Termination "Journey_to_GrandMaster_YT won by checkmate"]

1. d4 Nf6 2. Nf3 e6 3. c4 b6 4. g3 Bb7 5. Bg2 Bb4+ 6. Nbd2 O-O 7. O-O Ne4 8. Ng5 Bxd2 9. Bxd2 d5 10. Nxe4 dxe4 11. Bb4 Re8 12. e3 Nd7 13. Rc1 c5 14. Bc3 Rc8 15. Qa4 a6 16. Rfd1 Qc7 17. b4 cxd4 18.
Bxd4 Ne5 19. c5 Nd3 20. cxb6 Qxc1 21. Rxc1 Rxc1+ 22. Bf1 e5 23. Qxe8# 1-0

[Event "*** Biggest EVER Titled Tuesday"]
[Site "Chess.com"]
[Date "2018.04.17"]
[Round "6"]
[White "Yaacovn"]
[Black "Koksik_13"]
[Result "0-1"]
[WhiteElo "2647"]
[BlackElo "2501"]
[TimeControl "180+2"]
[EndTime "14:21:24 PDT"]
[Termination "Koksik_13 won by resignation"]

1. d4 e6 2. Nf3 d5 3. Bf4 Bd6 4. Bg3 Nf6 5. e3 O-O 6. c4 c5 7. Nc3 Ne4 8. cxd5 exd5 9. Bd3 cxd4 10. Nxd4 Bb4 11. O-O Nxc3 12. bxc3 Bxc3 13. Bxh7+ Kxh7 14. Qc2+ Kg8 15. Qxc3 Bd7 16. Rab1 Qc8 17. Qb3 Nc6 18.
Qxb7 Nxd4 19. exd4 Bf5 20. Qxc8 Rfxc8 21. Rb2 a5 22. h3 a4 23. a3 Rc3 24. Bd6 Rb3 25.
Rd2 Ra6 26. Bc5 Rg6 27. Kh2 Re6 28. f3 Bg6 29. Rff2 Bd3 30. h4 Bc4 31. h5 Ree3 32. Kg3 Re1 33. Kf4 f6 34. Rc2 Kh7 35. g4 Ree3 36.
Rcd2 Rec3 37. Rd1 Be2 38. Rdf1 Bxf1 39. Rxf1 g6 40. hxg6+ Kxg6 41. Rf2 Rd3 42. Rf1 Rb2 43. Ba7 Rxa3 44. Bc5 Rd3 45. Kg3 a3 46. Kh4 0-1

[Event "*** Biggest EVER Titled Tuesday"]
[Site "Chess.com"]
[Date "2018.04.17"]
[Round "6"]
[White "Bryakin_Mikhail"]
[Black "AndrewDGreen"]
[Result "1-0"]
[WhiteElo "2605"]
[BlackElo "2137"]
[TimeControl "180+2"]
[EndTime "14:21:24 PDT"]
[Termination "Bryakin_Mikhail won on time"]

1. d4 Nf6 2. c4 g6 3. Nc3 Bg7 4. e4 d6 5. h3 O-O 6. Be3 e5 7. d5 a5 8. g4 Na6 9. Bd3 Nd7 10. a3 Ndc5 11. Bc2 Bd7 12. Nge2 f5 13. exf5 gxf5 14. gxf5 Bxf5 15. Bxf5 Rxf5 16. Ng3 Rf7 17. Qc2 Kh8 18. Nce4 Nxe4 19. Nxe4 Bf6 20. O-O-O b6 21. Rdg1 Bh4 22. Rg4 Qe7 23. Rhg1 Raf8 24. Qe2 Nc5 25. Ng5 Bxg5 26. Rxg5 Ne4 27. R5g2 Qf6 28. Qg4 Qg6 29. Qxg6 hxg6 30. Rxg6 Rh7 31. R1g4 Nxf2 32. Bxf2 1-0

[Event "*** Biggest EVER Titled Tuesday"]
[Site "Chess.com"]
[Date "2018.04.17"]
[Round "6"]
[White "ZapataCharlesS"]
[Black "sergiochess83"]
[Result "1/2-1/2"]
[WhiteElo "2705"]
[BlackElo "2788"]
[TimeControl "180+2"]
[EndTime "14:21:30 PDT"]
[Termination "Game drawn by agreement"]

1. d4 Nf6 2. Nf3 g6 3. g3 Bg7 4.
Bg2 O-O 5. O-O d5 6. c4 c6 7. cxd5 cxd5 8. Nc3 b6 9. Ne5 Bb7 10. Bg5 h6 11. Bxf6 Bxf6 12. f4 e6 13. e3 Bg7 14.
Rc1 Nd7 15. h4 h5 16. Qa4 Nf6 17. Rf2 a6 18. Rfc2 Rc8 19. Bf3 Qd6 20. Qa3 Qxa3 21. bxa3 b5 22. a4 b4 23. Ne2 Rxc2 24. Rxc2 Rc8 25.
Rxc8+ Bxc8 26. Nc1 Bf8 27. Nb3 Bd6 28. Kf2 Kf8 29.
a5 Ng8 30. Ke2 Ne7 31. Kf2 f6 32. Nd3 Nc6 33. Ndc5 Ke7 1/2-1/2